 Dungeon Crawl Stone Soup version 0.24.0-13-gcf9b3192b9 (webtiles) character file.

Game seed: 2006936701716536388, levelgen mode: deterministic

22 ANON1729 the Chiller (level 2, -6/19 HPs)
             Began as a Demonspawn Ice Elementalist on Nov 8, 2019.
             Mangled by a worm (9 damage)
             ... on level 1 of the Dungeon.
             The game lasted 00:02:43 (1935 turns).

ANON1729 the Chiller (Demonspawn Ice Elementalist)  Turns: 1935, Time: 00:02:44

Health: -6/19      AC:  3    Str:  8    XL:     2   Next: 68%
Magic:  5/5        EV: 12    Int: 16    God:
Gold:   35         SH:  0    Dex: 13    Spells: 5/6 levels left

rFire    . . .     SeeInvis .   b - +0 short sword
rCold    . . .     Gourm    .   (no shield)
rNeg     . . .     Faith    .   a - +0 robe
rPois    .         Spirit   .   (helmet restricted)
rElec    .         Reflect  .   (no cloak)
rCorr    .         Harm     .   d - +0 pair of gloves
MR       .....                  (no boots)
Stlth    ++........             (no amulet)
HPRegen  0.06/turn              (no ring)
MPRegen  0.09/turn              (no ring)

@: no status effects
A: horns 1
a: no special abilities


You were on level 1 of the Dungeon.
You were not hungry.

You visited 1 branch of the dungeon, and saw 2 of its levels.

You collected 35 gold pieces.

Inventory:

Hand Weapons
 b - a +0 short sword (weapon)
Armour
 a - a +0 robe (worn)
 d - a +0 pair of gloves (worn)
Scrolls
 e - a scroll of remove curse {unknown}
 f - a scroll of enchant armour {unknown}
 g - 3 scrolls of identify {unknown}
 i - a scroll of fog {unknown}
 j - a scroll of amnesia {unknown}
Potions
 h - 3 potions of curing {unknown}
 k - a potion of heal wounds {unknown}
 l - a potion of might {unknown}
Comestibles
 c - a ration


   Skills:
 + Level 2.0 Dodging
 + Level 1.8 Stealth
 * Level 2.5 Spellcasting
   Level 1.0 Conjurations
 * Level 3.0 Ice Magic


You had 5 spell levels left.
You knew the following spells:

 Your Spells              Type           Power        Failure   Level  Hunger
a - Freeze                Ice            ##..         5%          1    #......

Your spell library contained the following spells:

 Spells                   Type           Power        Failure   Level  Hunger
 Throw Frost              Conj/Ice       #.....       13%         2    ##.....
 Ozocubu's Armour         Chrm/Ice       #.......     30%         3    ###....
 Throw Icicle             Conj/Ice       #.......     63%         4    #####..
 Summon Ice Beast         Ice/Summ       #.......     71%         4    #####..


Dungeon Overview and Level Annotations

Branches:
Dungeon (2/15)

Altars:


Innate Abilities, Weirdness & Mutations

You have a pair of small horns on your head.


Message History

You barely miss the worm. You hit the worm.
The worm is lightly wounded.
The worm bites you!
Ouch! That really hurt!
* * * LOW HITPOINT WARNING * * *
You are too injured to fight recklessly!
You are too injured to fight recklessly!
You are too injured to fight recklessly!
You are too injured to fight recklessly!
You are too injured to fight recklessly!
You are too injured to fight recklessly!
You are too injured to fight recklessly!
You are too injured to fight recklessly!
You are too injured to fight recklessly!
You are too injured to fight recklessly!
You climb upwards.
There is a stone staircase leading down here.
The worm bites you!
You die...

#..........# #.......
#.########.###.######
#................#
#..............#.#
#........#.##..#.##
#..........##.....###
##.......####...#....
##.w.....# #.....###
#..>@....# ##.##.#
#.###.#### #.##.# #
##.#...# #####.##.# #
##...>### #.....##.# #
##..)..######.######.###
#.........#..#..........
##.....##.#.#.##.##.####
##(...##.#.#.##.##.#
##.#.##)#.#.##.##.#


You could see a worm.

Vanquished Creatures
  A worm (D:1)
  A bat (D:1)
  A giant cockroach (D:2)
  2 hobgoblins (D:1)
  4 jackals (D:1)
  A kobold (D:1)
  A quokka (D:2)
  A ball python (D:2)
  3 frilled lizards (D:1)
  A goblin (D:1)
  2 rats (D:1)
18 creatures vanquished.

Notes
Turn   | Place    | Note
-------+----------+-------------------------------------------
     0 | D:1      | ANON1729 the Demonspawn Ice Elementalist began the quest
                  | for the Orb.
     0 | D:1      | Reached XP level 1. HP: 13/13 MP: 3/3
   417 | D:1      | Gained mutation: You have a pair of small horns on your
                  | head. [demonic ancestry]
   417 | D:1      | Reached XP level 2. HP: 19/19 MP: 5/5
   463 | D:1      | Reached skill level 3 in Ice Magic
  1935 | D:1      | Mangled by a worm

Levels and vault maps discovered:
D:1:      lightli_molten_gateway, layout_loops_ring, corexii_leaking_fountain
D:2:      layout_loops_cross, lemuel_round_altar, lemuel_crystal_altar,
          minmay_misc_feat_pillars

Skill      XL: |  1  2 |
---------------+-------+-----
Ice Magic      | 3 |  3.0
Dodging        | 2 |  2.0
Stealth        | |  1.8
Spellcasting   | |  2.5
Conjurations   | |  1.0

Action                   || total
-------------------------++-------
Melee: Short sword       ||    55
       Headbutt          ||    10
 Cast: Freeze            ||    15
 Stab: Sleeping          ||     2
  Eat: Chunk             ||     3
Armor: Robe              ||    10
Dodge: Dodged            ||    47
